 Dungeon Crawl Stone Soup version 0.30.0-15-g856e2d3f33 (webtiles) character file.

Game seed: 15314544038132864093

18 browni3141 the Caller (level 2, 0/19 HPs)
             Began as a Mummy Summoner on May 19, 2023.
             Slain by a goblin
             ... wielding a +0 dagger
             ... led by Robin
              (3 damage)
             ... on level 2 of the Dungeon.
             The game lasted 00:01:18 (174 turns).

browni3141 the Caller (Mummy Summoner)               Turns: 174, Time: 00:01:18

Health: 0/19       AC:  2    Str: 11    XL:     2   Next: 48%
Magic:  3/5        EV: 12    Int: 14    God:
Gold:   11         SH:  0    Dex: 12    Spells: 3/6 levels left

rFire   x . .        b - +0 dagger
rCold   + . .        (no shield)
rNeg    + + +        a - +0 robe
rPois   ∞            (no helmet)
rElec   .            (no cloak)
rCorr   .            (no gloves)
SInv    .            (no boots)
Will    .....        (no amulet)
Stlth   ++           (no ring)
HPRegen 0.23/turn    (no ring)
MPRegen 0.09/turn

%: faith
@: no status effects
A: cold resistance 1, negative energy resistance 3, torment resistance 2, heat
vulnerability 1, no potions, faith
a: no special abilities


You were on level 2 of the Dungeon.
You visited 1 branch of the dungeon, and saw 2 of its levels.

You collected 11 gold pieces.

Inventory:

Hand Weapons
 b - a +0 dagger (weapon)
Armour
 a - a +0 robe (worn)


   Skills:
 - Level 1.5 Dodging
 - Level 1.5 Stealth
 - Level 2.6 Spellcasting
 * Level 3.9 Summonings


You had 3 spell levels left.
You knew the following spells:

 Your Spells              Type           Power      Damage    Failure   Level
x - Call Imp              Summ           24%        N/A       7%          2
z - Summon Small Mammal   Summ           48%        N/A       4%          1

Your spell library contained the following spells:

 Spells                   Type           Power      Damage    Failure   Level
 Call Canine Familiar     Summ           12%        N/A       13%         3
 Summon Guardian Golem    Hex/Summ       7%         N/A       30%         3
 Summon Lightning Spire   Summ/Air       7%         N/A       69%         4


Dungeon Overview and Level Annotations

Branches:
Dungeon (2/15)

Altars:

Annotations:
D:2 Robin, Terence


Innate Abilities, Weirdness & Mutations

You are immune to poison.
Your flesh is cold resistant. (rC+)
You are immune to negative energy. (rN+++)
You are immune to unholy pain and torment.
You are vulnerable to heat. (rF-)
You do not drink.
You have a special connection with the divine. (Faith)


Message History

You hit the giant cockroach but do no damage.
The giant cockroach bites you.
You hit the giant cockroach.
The giant cockroach is severely wounded.
The giant cockroach bites you but does no damage.
You hit the giant cockroach but do no damage.
The giant cockroach is severely wounded.
The giant cockroach barely misses you.
You hit the giant cockroach.
The giant cockroach is almost dead.
The giant cockroach bites you.
You hit the giant cockroach.
You kill the giant cockroach!
No target in view!
You see here a giant cockroach corpse.
Casting: Call Imp (safe; 8% risk of failure)
Press: ? - help, Q - select action, (/) - cycle Dir - look around, f - activate A tiny devil pulls itself out of the air.
The goblin closely misses your cerulean imp.
The goblin closely misses your cerulean imp.
Your cerulean imp hits the goblin but does no damage.
The goblin hits your cerulean imp with a +0 dagger.
Your cerulean imp completely misses the goblin.
The goblin completely misses your cerulean imp.
Your cerulean imp barely misses the goblin.
The goblin hits your cerulean imp with a +0 dagger.
Your cerulean imp misses the goblin.
Your bat disappears in a puff of smoke!
The goblin barely misses your cerulean imp.
Your cerulean imp closely misses the goblin.
The goblin barely misses your cerulean imp.
Your cerulean imp hits the goblin with a -3 spear.
You catch the helpless goblin completely off-guard!
You puncture the goblin!
You kill the goblin!
Your cerulean imp hits the goblin with a -3 spear.
The goblin dies!
The hobgoblin hits you.
Your cerulean imp barely misses the hobgoblin.
Things that are here:
a +0 dagger; a +0 dagger Your cerulean imp hits the hobgoblin with a -3 spear.
You hit the hobgoblin.
The hobgoblin is heavily wounded.
The hobgoblin hits you.
Your cerulean imp hits the hobgoblin with a -3 spear.
You are too injured to fight recklessly!
You are too injured to fight recklessly!
You hit the hobgoblin.
You kill the hobgoblin!
Your cerulean imp hits the goblin with a -3 spear.
The goblin dies!
Your cerulean imp closely misses the goblin.
Your cerulean imp completely misses the goblin.
You hit the goblin.
The goblin is severely wounded.
The goblin barely misses you.
Your cerulean imp hits the goblin with a -3 spear.
The goblin dies!
Items here: )))) †.
A goblin comes into view. It is wielding a +0 dagger.
The goblin shouts!
You hear a shout!
Casting: Call Imp (safe; 7% risk of failure)
Press: ? - help, Q - select action, (/) - cycle Dir - look around, f - activate
Okay, then.
Casting: Call Imp (safe; 7% risk of failure)
Confirm with . or Enter, or press ? or * to list all spells.
Your cerulean imp hits the goblin but does no damage.
Robin roars a battlecry!
The goblins go into a battle-frenzy!
You hear a shout!
Casting: Summon Small Mammal (safe; 4% risk of failure)
Confirm with . or Enter, or press ? or * to list all spells.
Your bat barely misses the goblin.
Your cerulean imp hits the goblin with a -3 spear.
The goblin barely misses you. The goblin barely misses your bat.
You hit the goblin but do no damage.
The goblin is moderately wounded.
Your bat hits the goblin.
Your cerulean imp barely misses the goblin.
The goblin hits your bat with a +0 dagger.
Your bat dies!
Your bat's corpse disappears in a puff of smoke!
A kobold comes into view. It is wielding a +0 short sword.
The goblin hits you with a +0 dagger.
Your rat barely misses the goblin.
You closely miss the goblin.
The goblin is heavily wounded.
Your cerulean imp barely misses the goblin.
Robin throws the goblin at you! The goblin hits you with a +0 dagger.
* * * LOW HITPOINT WARNING * * *
The goblin barely misses you.
Your rat closely misses the goblin.
Unknown command.
You swap places.
Your cerulean imp closely misses the goblin.
The goblin barely misses you. The goblin hits you with a +0 dagger.
* * * LOW HITPOINT WARNING * * *
Your rat bites the goblin.
The goblin dies!
The goblin attacks as you move away! The goblin hits you with a +0 dagger.
You die...

#.###†#########
###.##.#.##
.........#
###.####)# #.#
#.# #.#
#######g#
#.....@5#
#.####g)# !.##
#r.#
....##.g########
#...............
#.#....K..#.####
####......#
##.##### #.#


You could see Robin (ally target), 2 goblins, a kobold, a friendly cerulean imp
(summoned) and a friendly rat (summoned).

Vanquished Creatures
  A ball python (D:1)
  2 giant cockroaches (D:2)
  A goblin (D:2)
  A hobgoblin (D:2)
5 creatures vanquished.

Vanquished Creatures (collateral kills)
  An endoplasm (D:1)
  A giant cockroach (D:2)
  6 goblins (D:2)
  A rat (D:1)
9 creatures vanquished.

Grand Total: 14 creatures vanquished

Notes
Turn   | Place    | Note
-------+----------+-------------------------------------------
     0 | D:1      | browni3141 the Mummy Summoner began the quest for the Orb.
     0 | D:1      | Reached XP level 1. HP: 13/13 MP: 4/4
     4 | D:2      | Noticed Terence
   107 | D:2      | Noticed Robin
   113 | D:2      | Reached XP level 2. HP: 9/19 MP: 3/5
   140 | D:2      | Learned a level 2 spell: Call Imp
   174 | D:2      | Slain by a goblin

Illustrated notes

Levels and vault maps discovered:
D:1:      dpeg_arrival_stonehenge_8_columns, layout_basic
D:2:      layout_loops_corners, uniq_sigmund, uniq_terence, uniq_robin

Action                     || total
---------------------------++-------
  Melee: Unarmed           ||    19
         Punch             ||     1
         Dagger            ||    11
   Cast: Summon Small Mamm ||     8
         Call Imp          ||     1
   Stab: Distracted        ||     2
 Armour: Robe              ||     5
  Dodge: Dodged            ||    21
